 Dungeon Crawl Stone Soup version 0.13.0-25-g43d4df3 (webtiles) character file.

316 Impy the Slasher (level 5, -8/40 HPs)
             Began as a Demonspawn Gladiator on Oct 28, 2013.
             Mangled by an ogre
             ... wielding a +0,+0 dire flail
              (22 damage)
             ... on Level 4 of the Dungeon.
             The game lasted 00:09:57 (2962 turns).

Impy the Slasher (Demonspawn Gladiator)             Turns: 2962, Time: 00:09:57

HP  -8/40        AC 10     Str 16      XL: 5   Next: 41%
MP   4/4         EV 17     Int 10      God:
Gold 125         SH 11     Dex 18      Spells:  0 memorised,  4 levels left

Res.Fire  : . . .   See Invis. : .   a - +0 falchion
Res.Cold  : . . .   Warding    : .   b - +0 leather armour
Life Prot.: . . .   Conserve   : .   u - +0 buckler
Res.Poison: .       Res.Corr.  : .   c - +0 helmet
Res.Elec. : .       Clarity    : .   (no cloak)
Sust.Abil.: . .     Spirit.Shd : .   l - +0 pair of gloves
Res.Mut.  : .       Stasis     : .   e - +2 pair of dwarf boots
Res.Rott. : .       Flight     : .   (no amulet)
Saprovore : . . .                    (no ring)
                                     (no ring)

@: agile, slightly resistant to hostile enchantments, quite stealthy
A: conserve scrolls, nightstalker 1, AC +2
a: no special abilities


You were on level 4 of the Dungeon.
You were hungry.

You visited 1 branch of the dungeon, and saw 4 of its levels.

You collected 105 gold pieces.

Inventory:

Hand weapons
 a - a +0,+0 falchion (weapon)
Missiles
 r - 2 throwing nets [frayed] (quivered)
Armour
 b - a +0 leather armour (worn)
 c - a +0 helmet (worn)
 e - a +2 pair of dwarven boots (worn)
 l - a +0 pair of gloves (worn)
 s - a +0 shield
 u - a +0 buckler (worn)
Magical devices
 i - a wand of digging (12)
Comestibles
 f - 4 bread rations
 g - an apple
Scrolls
 h - 2 scrolls of enchant weapon I {unknown}
 j - a scroll of fear {unknown}
 k - 6 scrolls of identify {unknown}
 n - a scroll of curse jewellery {unknown}
 p - 2 scrolls of remove curse {unknown}
 q - a scroll of enchant armour {unknown}
Potions
 o - a potion of curing


   Skills:
 - Level 2.0 Fighting
 + Level 4.1 Long Blades
 - Level 1.7 Throwing
 - Level 3.2 Dodging
 * Level 3.1 Shields


You had 4 spell levels left.
You didn't know any spells.

Dungeon Overview and Level Annotations

Branches:
Dungeon (4/27)
 Temple: D:4-7

Altars:


Innate Abilities, Weirdness & Mutations

You are partially covered in slimy green scales (AC +2).
You are very good at protecting items from fire.
You are slightly more attuned to the shadows.


Message History

The ogre is lightly wounded.
The ogre struggles against the net.
The hobgoblin hits you but does no damage.
You hit the ogre.
The ogre is moderately wounded.
The ogre struggles against the net.
The net rips apart, and the ogre comes free!
The ogre hits you with a dire flail. You block the hobgoblin's attack.
You hit the ogre.
The ogre is moderately wounded.
The ogre hits you with a dire flail! The hobgoblin completely misses you.
You barely miss the ogre.
The ogre is moderately wounded.
The ogre closely misses you.
The hobgoblin hits you but does no damage.
You hit the ogre.
The ogre is heavily wounded.
The ogre hits you with a dire flail!
Ouch! That really hurt!
You die...

#.# #.# #.# #.# #.# #.#
#############.######....
<.........(....O@g......
############%#######..l.
#.# ). #.# ...
############O#######.#
...>.................#
###########......[...#
.......()%...........#
###########..........#


You could see an ogre, a giant gecko (wandering) and a hobgoblin.

Vanquished Creatures
  A scorpion (D:4)
  Ijyb (D:3)
  7 adders
  3 worms
  2 giant geckos
  3 orcs
  A ball python (D:1)
  6 bats
  A bat skeleton (D:4)
  4 giant cockroaches
  7 hobgoblins
  7 jackals (D:1)
  10 kobolds
  3 giant newts
  A goblin (D:3)
  8 rats
65 creatures vanquished.

Notes
Turn   | Place    | Note
--------------------------------------------------------------
     0 | D:1      | Impy, the Demonspawn Gladiator, began the quest for the Orb.
     0 | D:1      | Reached XP level 1. HP: 17/17 MP: 0/0
   263 | D:1      | Reached skill level 3 in Long Blades
   321 | D:1      | Gained mutation: You are very good at protecting items from fire. [demonic ancestry]
   321 | D:1      | Reached XP level 2. HP: 21/23 MP: 1/1
   869 | D:2      | Gained mutation: You are partially covered in slimy green scales (AC +2). [demonic ancestry]
   869 | D:2      | Reached XP level 3. HP: 24/28 MP: 2/2
  1477 | D:2      | Reached skill level 1 in Shields
  1785 | D:3      | Reached XP level 4. HP: 32/35 MP: 3/3
  2345 | D:3      | Noticed Ijyb
  2372 | D:3      | Killed Ijyb
  2457 | D:3      | Gained mutation: You are slightly more attuned to the shadows. [demonic ancestry]
  2457 | D:3      | Reached XP level 5. HP: 40/40 MP: 4/4
  2681 | D:3      | Reached skill level 4 in Long Blades
  2946 | D:4      | Noticed an ogre
  2962 | D:4      | Mangled by an ogre

Action                   |  1- 3 |  4- 6 || total
-------------------------+-------+-------++-------
Melee: Falchion          |   198 |   170 ||   368
Throw: Throwing net      |     3 |     5 ||     8
  Use: Potion            |       |     7 ||     7
 Stab: Held in net/web   |     2 |     1 ||     3
